Gangsters vs Sasquatch (R1)

Created - March 3, 2021 at 19:21

Goals
1 2 3 T
Gangsters 1 2 1 4
Sasquatch 0 3 3 6
Shots
1 2 3 T
Gangsters 4 22 9 35
Sasquatch 10 10 11 31

1st period

1. Gangsters , Richard Panik 40 (Artem Anisimov 50) at 0:56

Penalties :
Richard Panik (Bro) for Tripping (Minor) at 9:22, T.J. Tynan (Gat) for Holding (Minor) at 12:04, Morgan Ellis (Bro) for High sticking (Minor) at 17:20

2nd period

2. Sasquatch , Brandon Montour 10 (Jujhar Khaira 38, Timo Meier 32) at 5:23 (PP)
3. Sasquatch , Roope Hintz 4 (Petr Straka 19, T.J. Tynan 16) at 7:16
4. Sasquatch , Martin Frk 5 (Jack Roslovic 8) at 10:08
5. Gangsters , Morgan Ellis 6 (Dave Dziurzynski 40, Artem Anisimov 51) at 14:23 (PP)
6. Gangsters , Richard Panik 41 (Dave Dziurzynski 41, Artem Anisimov 52) at 17:36 (PP)

Penalties :
Samuel Blais (Bro) for Hooking (Minor) at 4:59, Devin Shore (Gat) for Hooking (Minor) at 14:18, Martin Frk (Gat) for Roughing (Minor) at 15:38

3rd period

7. Gangsters , Richard Panik 42 (Dave Dziurzynski 42, Artem Anisimov 53) at 2:56 (PP)
8. Sasquatch , Dylan Sikura 7 (Christoffer Ehn 3, Valentin Zykov 24) at 4:31
9. Sasquatch , Jujhar Khaira 49 (Devin Shore 64) at 15:22
10. Sasquatch , Christoffer Ehn 3 (Collin Miller 6, Ethan Bear 8) at 19:47 (Empty Net)

Penalties :
Jujhar Khaira (Gat) for Roughing (Minor) at 2:01, Roope Hintz (Gat) for Roughing (Minor) at 8:02, Timo Meier (Gat) for Tripping (Minor) at 15:31

Goalie Stats

Samuel Montembeault (Bro), 25 saves from 30 shots - (0.833), L, 19-9-1, 59:16 minutes
Joonas Korpisalo (Gat), 31 saves from 35 shots - (0.886), W, 21-15-5, 60:00 minutes

Players Stats for Gangsters

Player Name              G  A  P  +/- PIM S  H  SB GA TA FO     MP     PP MP  PK MP  
------------------------------------------------------------------------------------
Adam Lowry               0  0  0  -2  0   1  0  0  0  0  3/4     7:20   0:00   0:00 
Artem Anisimov           0  4  4  -1  0   6  1  2  0  1  16/32  23:23   5:37   2:17 
Brett Ponich             0  0  0  -1  0   3  5  2  1  0  0/0    29:01   5:10   2:15 
Connor Chatam            0  0  0  -2  0   0  2  0  0  0  0/0     7:36   0:16   0:00 
Dave Dziurzynski         0  3  3  -1  0   4  2  0  2  0  0/3    21:46   5:36   0:56 
David Pope               0  0  0   0  0   2  1  0  0  1  0/0    10:14   0:00   0:00 
Derrick Pouliot          0  0  0   0  0   0  0  0  0  0  0/0     0:19   0:00   0:00 
Jonas Brodin             0  0  0  -2  0   0  2  1  0  2  0/0    21:39   3:45   1:56 
Kevin Roy                0  0  0  -1  0   1  0  2  0  0  4/6    13:18   0:03   1:12 
Morgan Ellis             1  0  1  -1  2   2  2  0  1  0  0/0    28:08   5:10   1:34 
Phillip Danault          0  0  0  -2  0   1  1  0  0  0  1/2     9:57   0:53   1:09 
Richard Panik            3  0  3   0  2   9  4  1  1  2  2/4    22:06   5:48   1:19 
Samuel Blais             0  0  0  -1  2   0  1  1  0  0  0/1    15:43   2:37   0:00 
Sebastian Collberg       0  0  0   0  0   3  2  0  0  1  0/0    11:19   0:34   0:00 
Seth Griffith            0  0  0  -1  0   1  4  0  1  0  3/9    17:05   2:41   1:06 
Stefan Noesen            0  0  0  -1  0   2  2  1  0  0  0/0    16:42   2:40   0:56 
Steven Santini           0  0  0  -2  0   0  0  0  2  0  0/0    17:21   0:00   1:16 
Vince Dunn               0  0  0  -2  0   0  4  1  0  1  0/0    22:38   3:45   1:32 

Players Stats for Sasquatch

Player Name              G  A  P  +/- PIM S  H  SB GA TA FO     MP     PP MP  PK MP  
------------------------------------------------------------------------------------
Brandon Montour          1  0  1   1  0   4  2  0  1  2  0/0    27:16   2:32   5:00 
Christoffer Ehn          1  1  2   2  0   2  1  1  0  0  4/12   13:29   0:00   5:25 
Collin Miller            0  1  1   1  0   1  0  1  0  0  0/0    22:55   0:00   5:00 
Devin Shore              0  1  1   0  2   3  1  0  1  1  20/29  18:53   2:17   1:52 
Dylan Sikura             1  0  1   2  0   1  0  0  0  0  0/0     8:04   0:00   0:00 
Ethan Bear               0  1  1   3  0   1  0  0  0  1  0/0    13:26   1:50   0:00 
Jack Roslovic            0  1  1   1  0   1  2  0  0  0  2/5    10:40   0:13   0:11 
Jacob De La Rose         0  0  0   2  0   1  2  1  0  2  0/0    16:36   0:00   5:25 
Jujhar Khaira            1  1  2   0  2   8  0  1  0  0  1/3    17:53   2:17   0:52 
Martin Frk               1  0  1   1  2   1  0  0  0  0  0/0    10:24   0:10   0:00 
Patrick Wey              0  0  0   1  0   2  1  0  0  0  0/0    23:31   1:50   0:00 
Petr Straka              0  1  1   1  0   0  1  0  1  1  0/0    15:33   1:55   0:00 
Roland McKeown           0  0  0   2  0   0  0  1  0  0  0/0    13:11   0:00   3:55 
Roope Hintz              1  0  1   1  2   1  3  0  0  0  0/0    16:05   0:13   2:36 
T.J. Tynan               0  1  1   1  2   1  2  0  1  0  5/12   16:56   1:52   1:27 
Timo Meier               0  1  1   0  2   1  2  1  0  1  0/0    17:01   2:17   0:00 
Tony DeAngelo            0  0  0   0  0   2  2  1  1  0  0/0    19:41   2:32   3:55 
Valentin Zykov           0  1  1   1  0   1  0  0  3  0  0/0     9:25   1:52   0:02 

3 Stars

1 - Richard Panik (Bro)
2 - Christoffer Ehn (Gat)
3 - Artem Anisimov (Bro)

Power Play

Gangsters - 3 on 6 Attempt(s) - 50.00%
Sasquatch - 1 on 3 Attempt(s) - 33.33%

Penalty Kill

Gangsters - 2 on 3 Attempt(s) - 66.67% - Score 0 goal in Penalty Kill
Sasquatch - 3 on 6 Attempt(s) - 50.00% - Score 0 goal in Penalty Kill

Team Stat

Gangsters - Hits : 33 - Faceoff Wins : 29 - Blocked Shots : 11 - Penalty Minutes : 6
Sasquatch - Hits : 19 - Faceoff Wins : 32 - Blocked Shots : 7 - Penalty Minutes : 12

Official

Referees : Unknown
Linesman : Unknown

Game Notes

Derrick Pouliot is injured at 1:15 of 1st period (Strained Right Elbow)
Richard Panik has scored a Hat Trick!
Christoffer Ehn has scored in a empty net!

Finance

Level 1 -- Attendance: 1423 (71.15%) -- Ticket Income $56,920
Level 2 -- Attendance: 619 (61.90%) -- Ticket Income $12,380
Total Attendance: 2042 (68.07%)
Total Ticket Income: $69,300
Other Income: $3,465
Total Income: $72,765

Gangsters

5 vs 5 Forward 
   Center                   Left Wing                Right Wing               Time % Phy DF OF 
 1 Artem Anisimov           Dave Dziurzynski         Richard Panik            40     1   2  2  
 2 Seth Griffith            Samuel Blais             Stefan Noesen            30     1   2  2  
 3 Kevin Roy                David Pope               Sebastian Collberg       20     1   2  2  
 4 Adam Lowry               Phillip Danault          Connor Chatam            10     1   2  2  

5 vs 5 Defense 
   Defense                  Defense                                           Time % Phy DF OF 
 1 Brett Ponich             Morgan Ellis                                      40     1   2  2  
 2 Jonas Brodin             Derrick Pouliot                                   30     1   2  2  
 3 Vince Dunn               Steven Santini                                    20     1   2  2  
 4 Brett Ponich             Morgan Ellis                                      10     1   2  2  

PowerPlay Forward 
   Center                   Left Wing                Right Wing               Time % Phy DF OF 
 1 Artem Anisimov           Dave Dziurzynski         Richard Panik            60     1   2  2  
 2 Seth Griffith            Samuel Blais             Stefan Noesen            40     1   2  2  

PowerPlay Defense
   Defense                  Defense                                           Time % Phy DF OF 
 1 Brett Ponich             Morgan Ellis                                      60     1   2  2  
 2 Jonas Brodin             Derrick Pouliot                                   40     1   2  2  

Penalty Kill 4 Players Forward 
   Center                   Wing                     Time % Phy DF OF 
 1 Richard Panik            Artem Anisimov           60     1   2  2  
 2 Stefan Noesen            Dave Dziurzynski         40     1   2  2  

Penalty Kill 4 Players Defense
   Defense                  Defense                  Time % Phy DF OF 
 1 Brett Ponich             Morgan Ellis             60     1   2  2  
 2 Jonas Brodin             Derrick Pouliot          40     1   2  2  

Penalty Kill - 3 Players Forward 
   Forward                                           Time % Phy DF OF 
 1 Richard Panik                                     60     1   2  2  
 2 Artem Anisimov                                    40     1   2  2  

Penalty Kill - 3 Players Defense
   Defense                  Defense                  Time % Phy DF OF 
 1 Brett Ponich             Morgan Ellis             60     1   2  2  
 2 Jonas Brodin             Derrick Pouliot          40     1   2  2  

4 vs 4 Forward 
   Center                   Wing                     Time % Phy DF OF 
 1 Richard Panik            Artem Anisimov           60     1   2  2  
 2 Stefan Noesen            Dave Dziurzynski         40     1   2  2  

4 vs 4 Defense
   Defense                  Defense                  Time % Phy DF OF 
 1 Brett Ponich             Morgan Ellis             60     1   2  2  
 2 Jonas Brodin             Derrick Pouliot          40     1   2  2  

Last Minutes Offensive
   Center                   Left Wing                Right Wing               Defense                  Defense                  
   Artem Anisimov           Dave Dziurzynski         Richard Panik            Brett Ponich             Morgan Ellis             

Last Minutes Defensive
   Center                   Left Wing                Right Wing               Defense                  Defense                  
   Artem Anisimov           Dave Dziurzynski         Richard Panik            Brett Ponich             Morgan Ellis             

Goaltenders
Starting : Samuel Montembeault      
Backup : Jordan Binnington        

Extra Forwards
Normal : Phillip Danault, Sebastian Collberg, Kevin Roy - PP : Phillip Danault, Sebastian Collberg - PK : Kevin Roy
Extra Defensemen
Normal : Vince Dunn, Steven Santini, Jonas Brodin - PP : Vince Dunn - PK : Steven Santini, Jonas Brodin
Penalty Shots
Richard Panik, Artem Anisimov, Stefan Noesen, Dave Dziurzynski, Seth Griffith

Scratches
Will Borgen (Healthy), Colton White (Healthy), Dryden Hunt (Healthy), Joel Kiviranta (Healthy), Mikhail Vorobyev (Healthy)
Ryan Culkin (Healthy), Keegan Kolesar (Healthy), Joshua Jacobs (Healthy), Jacob Middleton (Healthy), Jake Marchment (Healthy)

Sasquatch

5 vs 5 Forward 
   Center                   Left Wing                Right Wing               Time % Phy DF OF 
 1 Devin Shore              Jujhar Khaira            Timo Meier               40     1   2  2  
 2 T.J. Tynan               Roope Hintz              Petr Straka              30     1   2  2  
 3 Jack Roslovic            Jacob De La Rose         Martin Frk               20     1   2  2  
 4 Christoffer Ehn          Valentin Zykov           Dylan Sikura             10     1   2  2  

5 vs 5 Defense 
   Defense                  Defense                                           Time % Phy DF OF 
 1 Patrick Wey              Brandon Montour                                   40     1   2  2  
 2 Collin Miller            Tony DeAngelo                                     30     1   2  2  
 3 Roland McKeown           Ethan Bear                                        20     1   2  2  
 4 Patrick Wey              Collin Miller                                     10     1   2  2  

PowerPlay Forward 
   Center                   Left Wing                Right Wing               Time % Phy DF OF 
 1 Devin Shore              Jujhar Khaira            Timo Meier               60     1   2  2  
 2 T.J. Tynan               Valentin Zykov           Petr Straka              40     1   2  2  

PowerPlay Defense
   Defense                  Defense                                           Time % Phy DF OF 
 1 Brandon Montour          Tony DeAngelo                                     60     1   2  2  
 2 Patrick Wey              Ethan Bear                                        40     1   2  2  

Penalty Kill 4 Players Forward 
   Center                   Wing                     Time % Phy DF OF 
 1 Christoffer Ehn          Jacob De La Rose         60     1   2  2  
 2 T.J. Tynan               Roope Hintz              40     1   2  2  

Penalty Kill 4 Players Defense
   Defense                  Defense                  Time % Phy DF OF 
 1 Collin Miller            Brandon Montour          60     1   2  2  
 2 Tony DeAngelo            Roland McKeown           40     1   2  2  

Penalty Kill - 3 Players Forward 
   Forward                                           Time % Phy DF OF 
 1 Christoffer Ehn                                   60     1   2  2  
 2 Jacob De La Rose                                  40     1   2  2  

Penalty Kill - 3 Players Defense
   Defense                  Defense                  Time % Phy DF OF 
 1 Roland McKeown           Collin Miller            60     1   2  2  
 2 Brandon Montour          Tony DeAngelo            40     1   2  2  

4 vs 4 Forward 
   Center                   Wing                     Time % Phy DF OF 
 1 Devin Shore              Jujhar Khaira            60     1   2  2  
 2 T.J. Tynan               Petr Straka              40     1   2  2  

4 vs 4 Defense
   Defense                  Defense                  Time % Phy DF OF 
 1 Patrick Wey              Collin Miller            60     1   2  2  
 2 Brandon Montour          Tony DeAngelo            40     1   2  2  

Last Minutes Offensive
   Center                   Left Wing                Right Wing               Defense                  Defense                  
   Devin Shore              Jujhar Khaira            Timo Meier               Patrick Wey              Tony DeAngelo            

Last Minutes Defensive
   Center                   Left Wing                Right Wing               Defense                  Defense                  
   Christoffer Ehn          Jacob De La Rose         Dylan Sikura             Brandon Montour          Collin Miller            

Goaltenders
Starting : Joonas Korpisalo         
Backup : Anders Nilsson           

Extra Forwards
Normal : T.J. Tynan, Valentin Zykov, Jack Roslovic - PP : T.J. Tynan, Valentin Zykov - PK : Devin Shore
Extra Defensemen
Normal : Roland McKeown, Ethan Bear, Brandon Montour - PP : Roland McKeown - PK : Ethan Bear, Brandon Montour
Penalty Shots
Jack Roslovic, Devin Shore, Petr Straka, T.J. Tynan, Roope Hintz

Scratches
Colin White (Healthy), Scott Wilson (Healthy), Adam Clendening (Healthy), Nikita Nesterov (Healthy), Hudson Fasching (Healthy)
Eamon McAdam (Healthy)

% Time on Ice - Gangsters

Lines # - Real PCT - Wanted PCT - Time Play
Normal Forward
1 - 32% - 40% - 14:46
2 - 30% - 30% - 13:31
3 - 22% - 20% - 10:11
4 - 16% - 10% - 7:20
Normal Defense
1 - 38% - 40% - 17:22
2 - 40% - 30% - 18:20
3 - 16% - 20% - 7:32
4 - 6% - 10% - 2:34
PP Forward
1 - 67% - 60% - 6:01
2 - 33% - 40% - 2:54
PP Defense
1 - 58% - 60% - 5:10
2 - 42% - 40% - 3:45
PK Forward
1 - 79% - 60% - 3:26
2 - 21% - 40% - 0:56
PK Defense
1 - 56% - 60% - 2:26
2 - 44% - 40% - 1:56
PK3 Forward
1 - 0% - 60%
2 - 0% - 40%
PK3 Defense
1 - 0% - 60%
2 - 0% - 40%
44 Forward
1 - 0% - 60%
2 - 0% - 40%
44 Defense
1 - 0% - 60%
2 - 0% - 40%
Last Minute Offensive  - 0:55
Last Minute Defensive  - 0:00
Total
Forward - 60:00
Defense - 60:00

% Time on Ice - Sasquatch

Lines # - Real PCT - Wanted PCT - Time Play
Normal Forward
1 - 32% - 40% - 14:45
2 - 30% - 30% - 13:39
3 - 22% - 20% - 10:15
4 - 16% - 10% - 7:08
Normal Defense
1 - 44% - 40% - 20:06
2 - 29% - 30% - 13:26
3 - 19% - 20% - 8:41
4 - 8% - 10% - 3:34
PP Forward
1 - 56% - 60% - 2:27
2 - 44% - 40% - 1:55
PP Defense
1 - 58% - 60% - 2:32
2 - 42% - 40% - 1:50
PK Forward
1 - 78% - 60% - 6:55
2 - 22% - 40% - 2:00
PK Defense
1 - 56% - 60% - 5:00
2 - 44% - 40% - 3:55
PK3 Forward
1 - 0% - 60%
2 - 0% - 40%
PK3 Defense
1 - 0% - 60%
2 - 0% - 40%
44 Forward
1 - 0% - 60%
2 - 0% - 40%
44 Defense
1 - 0% - 60%
2 - 0% - 40%
Last Minute Offensive  - 0:00
Last Minute Defensive  - 0:56
Total
Forward - 60:00
Defense - 60:00

Play-by-Play

1st period


0:01 of 1st period - Devin Shore wins face-off versus Richard Panik in neutral zone.
0:08 of 1st period - Backhand shot by Devin Shore.
0:08 of 1st period - Stopped by Samuel Montembeault without a rebound.
0:09 of 1st period - Artem Anisimov wins face-off versus Devin Shore in Gangsters zone.
0:15 of 1st period - Jujhar Khaira is hit by Brett Ponich and loses puck.
0:56 of 1st period - Wrist shot by Richard Panik.
0:56 of 1st period - Goal by Richard Panik - Gangsters : 1 - Sasquatch : 0.
0:57 of 1st period - Seth Griffith wins face-off versus T.J. Tynan in neutral zone.
1:14 of 1st period - Derrick Pouliot is hit by Roope Hintz and loses puck.
1:15 of 1st period - Derrick Pouliot from Gangsters is injured at 1:15 of 1st period (Strained Right Elbow).
1:16 of 1st period - Kevin Roy wins face-off versus Jack Roslovic in Gangsters zone.
2:05 of 1st period - Icing by Valentin Zykov.
2:06 of 1st period - Christoffer Ehn wins face-off versus Kevin Roy in Sasquatch zone.
2:06 of 1st period - Christoffer Ehn is hit by Vince Dunn.
2:19 of 1st period - Collin Miller is hit by David Pope and loses puck.
2:59 of 1st period - Brandon Montour is hit by Artem Anisimov and loses puck.
3:46 of 1st period - Icing by Ethan Bear.
3:47 of 1st period - Christoffer Ehn wins face-off versus Dave Dziurzynski in Sasquatch zone.
4:29 of 1st period - Stefan Noesen is hit by Devin Shore and loses puck.
4:50 of 1st period - Snap shot by T.J. Tynan.
4:50 of 1st period - Shot Misses the Net.
5:30 of 1st period - Snap shot by Richard Panik.
5:30 of 1st period - Stopped by Joonas Korpisalo with a rebound.
6:34 of 1st period - Snap shot by Richard Panik.
6:34 of 1st period - Shot Misses the Net.
6:46 of 1st period - Wrist shot by Jack Roslovic.
6:46 of 1st period - Shot Misses the Net.
7:00 of 1st period - Snap shot by Richard Panik.
7:00 of 1st period - Shot Misses the Net.
7:02 of 1st period - Slapshot by Vince Dunn.
7:02 of 1st period - Shot Blocked by Collin Miller.
7:06 of 1st period - Wrist shot by Artem Anisimov.
7:06 of 1st period - Deflect By Collin Miller.
7:06 of 1st period - Stopped by Joonas Korpisalo with a rebound.
7:08 of 1st period - Slapshot by Dave Dziurzynski.
7:08 of 1st period - Stopped by Joonas Korpisalo without a rebound.
7:09 of 1st period - Devin Shore wins face-off versus Seth Griffith in Sasquatch zone.
7:48 of 1st period - Sebastian Collberg is hit by Petr Straka and loses puck.
8:00 of 1st period - Icing by Steven Santini.
8:01 of 1st period - Jack Roslovic wins face-off versus Adam Lowry in Gangsters zone.
8:32 of 1st period - Snap shot by Devin Shore.
8:32 of 1st period - Stopped by Samuel Montembeault without a rebound.
8:33 of 1st period - Devin Shore wins face-off versus Seth Griffith in Gangsters zone.
8:34 of 1st period - Snap shot by Jujhar Khaira.
8:34 of 1st period - Stopped by Samuel Montembeault with a rebound.
8:57 of 1st period - Wrist shot by Jujhar Khaira.
8:57 of 1st period - Stopped by Samuel Montembeault with a rebound.
8:59 of 1st period - Wrist shot by Devin Shore.
8:59 of 1st period - Shot Misses the Net.
9:22 of 1st period - Minor Penalty to Richard Panik for Tripping.
9:23 of 1st period - Kevin Roy wins face-off versus T.J. Tynan in Gangsters zone.
10:05 of 1st period - Patrick Wey is hit by Vince Dunn and loses puck.
10:47 of 1st period - Ethan Bear is hit by Seth Griffith.
11:22 of 1st period - Penalty to Richard Panik is over, Richard Panik is back on ice.
11:27 of 1st period - Snap shot by Martin Frk.
11:27 of 1st period - Shot Misses the Net.
12:04 of 1st period - Minor Penalty to T.J. Tynan for Holding.
12:05 of 1st period - Artem Anisimov wins face-off versus Christoffer Ehn in Sasquatch zone.
12:53 of 1st period - Roland McKeown is hit by Richard Panik and loses puck.
14:04 of 1st period - Penalty to T.J. Tynan is over, T.J. Tynan is back on ice.
14:06 of 1st period - Off-side.
14:07 of 1st period - Kevin Roy wins face-off versus Jujhar Khaira in neutral zone.
14:16 of 1st period - Snap shot by Devin Shore.
14:16 of 1st period - Stopped by Samuel Montembeault with a rebound.
14:31 of 1st period - Petr Straka is hit by Vince Dunn.
14:43 of 1st period - Morgan Ellis is hit by Jack Roslovic and loses puck.
14:56 of 1st period - Brandon Montour is hit by Seth Griffith.
15:20 of 1st period - Wrist shot by Jujhar Khaira.
15:20 of 1st period - Stopped by Samuel Montembeault with a rebound.
16:07 of 1st period - Slapshot by Valentin Zykov.
16:07 of 1st period - Stopped by Samuel Montembeault without a rebound.
16:08 of 1st period - Kevin Roy wins face-off versus Devin Shore in Gangsters zone.
16:51 of 1st period - Morgan Ellis is hit by Roope Hintz and loses puck.
17:04 of 1st period - Wrist shot by Brandon Montour.
17:04 of 1st period - Stopped by Samuel Montembeault with a rebound.
17:06 of 1st period - Slapshot by Brandon Montour.
17:06 of 1st period - Shot Misses the Net.
17:08 of 1st period - Slapshot by Patrick Wey.
17:08 of 1st period - Shot Misses the Net.
17:10 of 1st period - Slapshot by Brandon Montour.
17:10 of 1st period - Stopped by Samuel Montembeault with a rebound.
17:12 of 1st period - Wrist shot by Christoffer Ehn.
17:12 of 1st period - Shot Misses the Net.
17:14 of 1st period - Slapshot by Brandon Montour.
17:14 of 1st period - Shot Blocked by Samuel Blais.
17:20 of 1st period - Minor Penalty to Morgan Ellis for High sticking.
17:21 of 1st period - Richard Panik wins face-off versus Devin Shore in Gangsters zone.
17:36 of 1st period - Wrist shot by Timo Meier.
17:36 of 1st period - Shot Misses the Net.
18:59 of 1st period - Devin Shore is hit by Brett Ponich and loses puck.
19:20 of 1st period - Penalty to Morgan Ellis is over, Morgan Ellis is back on ice.
19:24 of 1st period - Patrick Wey is hit by Sebastian Collberg and loses puck.
19:37 of 1st period - Wrist shot by Jack Roslovic.
19:37 of 1st period - Stopped by Samuel Montembeault with a rebound.
19:45 of 1st period - Jacob De La Rose is hit by Connor Chatam and loses puck.
Goals for this period are 1 for Gangsters vs 0 for Sasquatch.
Shots for this period are 4 for Gangsters vs 10 for Sasquatch.

2nd period


0:01 of 2nd period - Artem Anisimov wins face-off versus Devin Shore in neutral zone.
0:36 of 2nd period - Wrist shot by Richard Panik.
0:36 of 2nd period - Deflect By Artem Anisimov.
0:36 of 2nd period - Stopped by Joonas Korpisalo with a rebound.
0:38 of 2nd period - Snap shot by Artem Anisimov.
0:38 of 2nd period - Stopped by Joonas Korpisalo without a rebound.
0:39 of 2nd period - Devin Shore wins face-off versus Seth Griffith in Sasquatch zone.
0:51 of 2nd period - Wrist shot by Jujhar Khaira.
0:51 of 2nd period - Stopped by Samuel Montembeault with a rebound.
1:18 of 2nd period - Slapshot by Kevin Roy.
1:18 of 2nd period - Stopped by Joonas Korpisalo without a rebound.
1:19 of 2nd period - Artem Anisimov wins face-off versus Jack Roslovic in Sasquatch zone.
1:20 of 2nd period - Snap shot by Richard Panik.
1:20 of 2nd period - Shot Blocked by Jacob De La Rose.
1:22 of 2nd period - Wrist shot by Brett Ponich.
1:22 of 2nd period - Stopped by Joonas Korpisalo with a rebound.
1:24 of 2nd period - Wrist shot by Richard Panik.
1:24 of 2nd period - Stopped by Joonas Korpisalo without a rebound.
1:25 of 2nd period - Jack Roslovic wins face-off versus Artem Anisimov in Sasquatch zone.
1:40 of 2nd period - Wrist shot by Artem Anisimov.
1:40 of 2nd period - Stopped by Joonas Korpisalo with a rebound.
1:57 of 2nd period - Slapshot by David Pope.
1:57 of 2nd period - Shot Misses the Net.
1:59 of 2nd period - Snap shot by Kevin Roy.
1:59 of 2nd period - Shot Blocked by Tony DeAngelo.
2:01 of 2nd period - Snap shot by Kevin Roy.
2:01 of 2nd period - Shot Misses the Net.
2:03 of 2nd period - Wrist shot by Sebastian Collberg.
2:03 of 2nd period - Stopped by Joonas Korpisalo without a rebound.
2:04 of 2nd period - Devin Shore wins face-off versus Artem Anisimov in Sasquatch zone.
2:29 of 2nd period - Wrist shot by David Pope.
2:29 of 2nd period - Stopped by Joonas Korpisalo with a rebound.
2:41 of 2nd period - Wrist shot by Jujhar Khaira.
2:41 of 2nd period - Shot Misses the Net.
2:43 of 2nd period - Backhand shot by Brandon Montour.
2:43 of 2nd period - Stopped by Samuel Montembeault with a rebound.
2:45 of 2nd period - Snap shot by Brandon Montour.
2:45 of 2nd period - Deflect By Devin Shore.
2:45 of 2nd period - Shot Misses the Net.
2:45 of 2nd period - Puck is out of play.
2:46 of 2nd period - Artem Anisimov wins face-off versus T.J. Tynan in Gangsters zone.
3:30 of 2nd period - Wrist shot by Richard Panik.
3:30 of 2nd period - Stopped by Joonas Korpisalo without a rebound.
3:31 of 2nd period - Seth Griffith wins face-off versus Devin Shore in Sasquatch zone.
3:34 of 2nd period - Snap shot by Stefan Noesen.
3:34 of 2nd period - Stopped by Joonas Korpisalo without a rebound.
3:35 of 2nd period - Devin Shore wins face-off versus Seth Griffith in Sasquatch zone.
3:35 of 2nd period - Devin Shore is hit by Stefan Noesen.
3:43 of 2nd period - Vince Dunn is hit by Timo Meier and loses puck.
4:06 of 2nd period - Wrist shot by Sebastian Collberg.
4:06 of 2nd period - Stopped by Joonas Korpisalo without a rebound.
4:07 of 2nd period - T.J. Tynan wins face-off versus Kevin Roy in Sasquatch zone.
4:18 of 2nd period - Wrist shot by T.J. Tynan.
4:18 of 2nd period - Deflect By Roope Hintz.
4:18 of 2nd period - Shot Misses the Net.
4:18 of 2nd period - Puck is out of play.
4:19 of 2nd period - Devin Shore wins face-off versus Artem Anisimov in Gangsters zone.
4:20 of 2nd period - Wrist shot by Timo Meier.
4:20 of 2nd period - Shot Misses the Net.
4:22 of 2nd period - Slapshot by Devin Shore.
4:22 of 2nd period - Shot Misses the Net.
4:24 of 2nd period - Slapshot by Brandon Montour.
4:24 of 2nd period - Shot Blocked by Artem Anisimov.
4:26 of 2nd period - Wrist shot by Devin Shore.
4:26 of 2nd period - Shot Blocked by Richard Panik.
4:59 of 2nd period - Minor Penalty to Samuel Blais for Hooking.
5:00 of 2nd period - Devin Shore wins face-off versus Richard Panik in Gangsters zone.
5:07 of 2nd period - Wrist shot by Timo Meier.
5:07 of 2nd period - Stopped by Samuel Montembeault with a rebound.
5:09 of 2nd period - Snap shot by Jujhar Khaira.
5:09 of 2nd period - Stopped by Samuel Montembeault without a rebound.
5:10 of 2nd period - Richard Panik wins face-off versus Devin Shore in Gangsters zone.
5:19 of 2nd period - Snap shot by Timo Meier.
5:19 of 2nd period - Shot Blocked by Brett Ponich.
5:21 of 2nd period - Snap shot by Jujhar Khaira.
5:21 of 2nd period - Shot Misses the Net.
5:23 of 2nd period - Slapshot by Brandon Montour.
5:23 of 2nd period - Goal by Brandon Montour - Gangsters : 1 - Sasquatch : 1.
5:24 of 2nd period - Devin Shore wins face-off versus Artem Anisimov in neutral zone.
6:13 of 2nd period - Snap shot by Jack Roslovic.
6:13 of 2nd period - Shot Misses the Net.
6:33 of 2nd period - Adam Lowry is hit by Patrick Wey and loses puck.
7:16 of 2nd period - Snap shot by Roope Hintz.
7:16 of 2nd period - Goal by Roope Hintz - Gangsters : 1 - Sasquatch : 2.
7:17 of 2nd period - Devin Shore wins face-off versus Artem Anisimov in neutral zone.
7:22 of 2nd period - Snap shot by Dave Dziurzynski.
7:22 of 2nd period - Stopped by Joonas Korpisalo without a rebound.
7:23 of 2nd period - Artem Anisimov wins face-off versus Devin Shore in Sasquatch zone.
7:24 of 2nd period - Wrist shot by Dave Dziurzynski.
7:24 of 2nd period - Shot Blocked by Timo Meier.
7:30 of 2nd period - Wrist shot by Tony DeAngelo.
7:30 of 2nd period - Shot Misses the Net.
7:32 of 2nd period - Snap shot by Jujhar Khaira.
7:32 of 2nd period - Shot Blocked by Vince Dunn.
7:34 of 2nd period - Slapshot by Timo Meier.
7:34 of 2nd period - Shot Misses the Net.
7:36 of 2nd period - Wrist shot by Devin Shore.
7:36 of 2nd period - Deflect By Jujhar Khaira.
7:36 of 2nd period - Stopped by Samuel Montembeault with a rebound.
8:37 of 2nd period - Backhand shot by Phillip Danault.
8:37 of 2nd period - Stopped by Joonas Korpisalo without a rebound.
8:38 of 2nd period - Devin Shore wins face-off versus Dave Dziurzynski in Sasquatch zone.
8:38 of 2nd period - Devin Shore is hit by Richard Panik.
9:42 of 2nd period - Jack Roslovic is hit by Jonas Brodin and loses puck.
10:08 of 2nd period - Snap shot by Jack Roslovic.
10:08 of 2nd period - Deflect By Martin Frk.
10:08 of 2nd period - Goal by Martin Frk - Gangsters : 1 - Sasquatch : 3.
10:09 of 2nd period - Devin Shore wins face-off versus Dave Dziurzynski in neutral zone.
10:14 of 2nd period - Snap shot by Timo Meier.
10:14 of 2nd period - Shot Blocked by Brett Ponich.
10:41 of 2nd period - Wrist shot by Stefan Noesen.
10:41 of 2nd period - Shot Misses the Net.
10:43 of 2nd period - Slapshot by Morgan Ellis.
10:43 of 2nd period - Stopped by Joonas Korpisalo with a rebound.
10:45 of 2nd period - Snap shot by Brett Ponich.
10:45 of 2nd period - Stopped by Joonas Korpisalo with a rebound.
10:47 of 2nd period - Snap shot by Samuel Blais.
10:47 of 2nd period - Deflect By Stefan Noesen.
10:47 of 2nd period - Stopped by Joonas Korpisalo with a rebound.
11:44 of 2nd period - Collin Miller is hit by Morgan Ellis and loses puck.
12:03 of 2nd period - Collin Miller is hit by Seth Griffith and loses puck.
12:14 of 2nd period - Stefan Noesen is hit by Jack Roslovic and loses puck.
12:53 of 2nd period - Off-side.
12:54 of 2nd period - Adam Lowry wins face-off versus T.J. Tynan in neutral zone.
13:03 of 2nd period - Phillip Danault is hit by T.J. Tynan and loses puck.
13:42 of 2nd period - Snap shot by Valentin Zykov.
13:42 of 2nd period - Shot Blocked by Stefan Noesen.
14:12 of 2nd period - Slapshot by Sebastian Collberg.
14:12 of 2nd period - Shot Misses the Net.
14:14 of 2nd period - Snap shot by David Pope.
14:14 of 2nd period - Deflect By Martin Frk.
14:14 of 2nd period - Shot Misses the Net.
14:14 of 2nd period - Puck is out of play.
14:15 of 2nd period - Devin Shore wins face-off versus Artem Anisimov in Sasquatch zone.
14:15 of 2nd period - Devin Shore is hit by Dave Dziurzynski.
14:18 of 2nd period - Minor Penalty to Devin Shore for Hooking.
14:19 of 2nd period - Artem Anisimov wins face-off versus Christoffer Ehn in Sasquatch zone.
14:21 of 2nd period - Snap shot by Dave Dziurzynski.
14:21 of 2nd period - Shot Blocked by Roland McKeown.
14:23 of 2nd period - Snap shot by Morgan Ellis.
14:23 of 2nd period - Goal by Morgan Ellis - Gangsters : 2 - Sasquatch : 3.
14:24 of 2nd period - Jujhar Khaira wins face-off versus Artem Anisimov in neutral zone.
14:34 of 2nd period - Slapshot by Brett Ponich.
14:34 of 2nd period - Stopped by Joonas Korpisalo with a rebound.
14:36 of 2nd period - Snap shot by Richard Panik.
14:36 of 2nd period - Shot Misses the Net.
14:38 of 2nd period - Wrist shot by Artem Anisimov.
14:38 of 2nd period - Shot Blocked by Jujhar Khaira.
14:40 of 2nd period - Snap shot by Artem Anisimov.
14:40 of 2nd period - Stopped by Joonas Korpisalo without a rebound.
14:41 of 2nd period - T.J. Tynan wins face-off versus Seth Griffith in Sasquatch zone.
15:38 of 2nd period - Minor Penalty to Martin Frk for Roughing.
15:39 of 2nd period - Artem Anisimov wins face-off versus Christoffer Ehn in Sasquatch zone.
15:41 of 2nd period - Wrist shot by Artem Anisimov.
15:41 of 2nd period - Stopped by Joonas Korpisalo without a rebound.
15:42 of 2nd period - Christoffer Ehn wins face-off versus Artem Anisimov in Sasquatch zone.
15:59 of 2nd period - Jacob De La Rose is hit by Dave Dziurzynski and loses puck.
16:18 of 2nd period - Snap shot by Stefan Noesen.
16:18 of 2nd period - Deflect By Seth Griffith.
16:18 of 2nd period - Stopped by Joonas Korpisalo with a rebound.
16:40 of 2nd period - Wrist shot by Tony DeAngelo.
16:40 of 2nd period - Stopped by Samuel Montembeault without a rebound.
16:41 of 2nd period - T.J. Tynan wins face-off versus Artem Anisimov in Gangsters zone.
16:46 of 2nd period - Snap shot by T.J. Tynan.
16:46 of 2nd period - Deflect By Dave Dziurzynski.
16:46 of 2nd period - Stopped by Samuel Montembeault with a rebound.
16:54 of 2nd period - Slapshot by Tony DeAngelo.
16:54 of 2nd period - Shot Misses the Net.
17:36 of 2nd period - Snap shot by Richard Panik.
17:36 of 2nd period - Goal by Richard Panik - Gangsters : 3 - Sasquatch : 3.
17:37 of 2nd period - Devin Shore wins face-off versus Seth Griffith in neutral zone.
19:01 of 2nd period - Devin Shore is hit by Stefan Noesen and loses puck.
19:56 of 2nd period - Phillip Danault is hit by Jacob De La Rose and loses puck.
Goals for this period are 2 for Gangsters vs 3 for Sasquatch.
Shots for this period are 22 for Gangsters vs 10 for Sasquatch.

3rd period


0:01 of 3rd period - Devin Shore wins face-off versus Artem Anisimov in neutral zone.
0:26 of 3rd period - Vince Dunn is hit by Roope Hintz and loses puck.
0:39 of 3rd period - Slapshot by Tony DeAngelo.
0:39 of 3rd period - Stopped by Samuel Montembeault without a rebound.
0:40 of 3rd period - Artem Anisimov wins face-off versus Jack Roslovic in Gangsters zone.
0:40 of 3rd period - Artem Anisimov is hit by Tony DeAngelo.
0:48 of 3rd period - Martin Frk is hit by Richard Panik and loses puck.
1:37 of 3rd period - Wrist shot by David Pope.
1:37 of 3rd period - Stopped by Joonas Korpisalo without a rebound.
1:38 of 3rd period - Devin Shore wins face-off versus Artem Anisimov in Sasquatch zone.
2:01 of 3rd period - Minor Penalty to Jujhar Khaira for Roughing.
2:02 of 3rd period - Christoffer Ehn wins face-off versus Artem Anisimov in Sasquatch zone.
2:33 of 3rd period - Christoffer Ehn is hit by Seth Griffith and loses puck.
2:48 of 3rd period - Snap shot by Jacob De La Rose.
2:48 of 3rd period - Stopped by Samuel Montembeault without a rebound.
2:49 of 3rd period - Artem Anisimov wins face-off versus T.J. Tynan in Gangsters zone.
2:54 of 3rd period - Wrist shot by Richard Panik.
2:54 of 3rd period - Stopped by Joonas Korpisalo with a rebound.
2:56 of 3rd period - Snap shot by Richard Panik.
2:56 of 3rd period - Goal by Richard Panik - Gangsters : 4 - Sasquatch : 3.
2:57 of 3rd period - Artem Anisimov wins face-off versus Devin Shore in neutral zone.
3:27 of 3rd period - Wrist shot by T.J. Tynan.
3:27 of 3rd period - Shot Misses the Net.
3:29 of 3rd period - Slapshot by Patrick Wey.
3:29 of 3rd period - Stopped by Samuel Montembeault with a rebound.
3:43 of 3rd period - Slapshot by Brett Ponich.
3:43 of 3rd period - Shot Misses the Net.
4:05 of 3rd period - Wrist shot by Adam Lowry.
4:05 of 3rd period - Stopped by Joonas Korpisalo without a rebound.
4:06 of 3rd period - Adam Lowry wins face-off versus Christoffer Ehn in Sasquatch zone.
4:15 of 3rd period - Slapshot by Ethan Bear.
4:15 of 3rd period - Stopped by Samuel Montembeault with a rebound.
4:17 of 3rd period - Wrist shot by Dylan Sikura.
4:17 of 3rd period - Shot Misses the Net.
4:27 of 3rd period - Slapshot by Valentin Zykov.
4:27 of 3rd period - Shot Misses the Net.
4:29 of 3rd period - Slapshot by Christoffer Ehn.
4:29 of 3rd period - Stopped by Samuel Montembeault with a rebound.
4:31 of 3rd period - Wrist shot by Dylan Sikura.
4:31 of 3rd period - Goal by Dylan Sikura - Gangsters : 4 - Sasquatch : 4.
4:32 of 3rd period - Devin Shore wins face-off versus Artem Anisimov in neutral zone.
4:39 of 3rd period - Snap shot by Devin Shore.
4:39 of 3rd period - Shot Misses the Net.
4:41 of 3rd period - Slapshot by Patrick Wey.
4:41 of 3rd period - Stopped by Samuel Montembeault without a rebound.
4:42 of 3rd period - Devin Shore wins face-off versus Artem Anisimov in Gangsters zone.
4:43 of 3rd period - Snap shot by Jujhar Khaira.
4:43 of 3rd period - Stopped by Samuel Montembeault without a rebound.
4:44 of 3rd period - Artem Anisimov wins face-off versus Devin Shore in Gangsters zone.
5:43 of 3rd period - Vince Dunn is hit by Jacob De La Rose and loses puck.
5:59 of 3rd period - Snap shot by Dave Dziurzynski.
5:59 of 3rd period - Stopped by Joonas Korpisalo without a rebound.
6:00 of 3rd period - Devin Shore wins face-off versus Artem Anisimov in Sasquatch zone.
6:30 of 3rd period - Off-side.
6:31 of 3rd period - T.J. Tynan wins face-off versus Samuel Blais in neutral zone.
8:02 of 3rd period - Minor Penalty to Roope Hintz for Roughing.
8:03 of 3rd period - Artem Anisimov wins face-off versus Christoffer Ehn in Sasquatch zone.
8:03 of 3rd period - Wrist shot by Richard Panik.
8:03 of 3rd period - Stopped by Joonas Korpisalo with a rebound.
8:19 of 3rd period - Slapshot by Dave Dziurzynski.
8:19 of 3rd period - Shot Misses the Net.
8:36 of 3rd period - Icing by Artem Anisimov.
8:37 of 3rd period - Artem Anisimov wins face-off versus Christoffer Ehn in Gangsters zone.
8:37 of 3rd period - Artem Anisimov is hit by Brandon Montour.
10:02 of 3rd period - Penalty to Roope Hintz is over, Roope Hintz is back on ice.
10:24 of 3rd period - Collin Miller is hit by Phillip Danault and loses puck.
10:33 of 3rd period - Snap shot by Phillip Danault.
10:33 of 3rd period - Shot Misses the Net.
10:50 of 3rd period - Collin Miller is hit by Brett Ponich and loses puck.
11:47 of 3rd period - Brandon Montour is hit by Morgan Ellis and loses puck.
12:08 of 3rd period - David Pope is hit by Brandon Montour and loses puck.
13:47 of 3rd period - Patrick Wey is hit by Sebastian Collberg and loses puck.
14:36 of 3rd period - Slapshot by Martin Frk.
14:36 of 3rd period - Deflect By Steven Santini.
14:36 of 3rd period - Shot Blocked by Kevin Roy.
14:36 of 3rd period - Puck is out of play.
14:37 of 3rd period - Adam Lowry wins face-off versus T.J. Tynan in Gangsters zone.
14:37 of 3rd period - Adam Lowry is hit by Tony DeAngelo.
14:43 of 3rd period - T.J. Tynan is hit by Connor Chatam and loses puck.
15:03 of 3rd period - Tony DeAngelo is hit by Jonas Brodin and loses puck.
15:16 of 3rd period - Snap shot by Roope Hintz.
15:16 of 3rd period - Shot Misses the Net.
15:18 of 3rd period - Slapshot by Petr Straka.
15:18 of 3rd period - Shot Blocked by Jonas Brodin.
15:20 of 3rd period - Slapshot by Collin Miller.
15:20 of 3rd period - Stopped by Samuel Montembeault without a rebound.
15:21 of 3rd period - Devin Shore wins face-off versus Artem Anisimov in Gangsters zone.
15:22 of 3rd period - Snap shot by Jujhar Khaira.
15:22 of 3rd period - Goal by Jujhar Khaira - Gangsters : 4 - Sasquatch : 5.
15:23 of 3rd period - Artem Anisimov wins face-off versus Jujhar Khaira in neutral zone.
15:31 of 3rd period - Minor Penalty to Timo Meier for Tripping.
15:32 of 3rd period - Artem Anisimov wins face-off versus Christoffer Ehn in Sasquatch zone.
15:32 of 3rd period - Snap shot by Dave Dziurzynski.
15:32 of 3rd period - Stopped by Joonas Korpisalo with a rebound.
16:15 of 3rd period - Christoffer Ehn is hit by Brett Ponich and loses puck.
16:20 of 3rd period - Wrist shot by Richard Panik.
16:20 of 3rd period - Stopped by Joonas Korpisalo without a rebound.
16:21 of 3rd period - Seth Griffith wins face-off versus Christoffer Ehn in Sasquatch zone.
16:46 of 3rd period - Samuel Blais is hit by Christoffer Ehn and loses puck.
16:57 of 3rd period - Roland McKeown is hit by Richard Panik.
17:23 of 3rd period - Devin Shore is hit by Samuel Blais and loses puck.
17:31 of 3rd period - Penalty to Timo Meier is over, Timo Meier is back on ice.
17:34 of 3rd period - Brett Ponich is hit by Timo Meier and loses puck.
17:49 of 3rd period - Brandon Montour is hit by Vince Dunn and loses puck.
18:11 of 3rd period - Steven Santini is hit by T.J. Tynan and loses puck.
19:00 of 3rd period - Dylan Sikura is hit by Brett Ponich and loses puck.
19:03 of 3rd period - Gangsters, Samuel Montembeault is pulled from the net.
19:35 of 3rd period - Snap shot by Dave Dziurzynski.
19:35 of 3rd period - Shot Blocked by Christoffer Ehn.
19:43 of 3rd period - Slapshot by Ethan Bear.
19:43 of 3rd period - Shot Blocked by Artem Anisimov.
19:45 of 3rd period - Wrist shot by Collin Miller.
19:45 of 3rd period - Shot Blocked by Kevin Roy.
19:47 of 3rd period - Wrist shot by Christoffer Ehn.
19:47 of 3rd period - Goal by Christoffer Ehn - Gangsters : 4 - Sasquatch : 6.
19:47 of 3rd period - Samuel Montembeault from Gangsters was sent back in the game.
19:48 of 3rd period - Phillip Danault wins face-off versus T.J. Tynan in neutral zone.
19:51 of 3rd period - Snap shot by Sebastian Collberg.
19:51 of 3rd period - Stopped by Joonas Korpisalo without a rebound.
19:52 of 3rd period - T.J. Tynan wins face-off versus Phillip Danault in Sasquatch zone.
Goals for this period are 1 for Gangsters vs 3 for Sasquatch.
Shots for this period are 9 for Gangsters vs 11 for Sasquatch. Output by the SimonT Hockey Simulator (STHS) for Francois Prevost - Original Page W3C HTML5 Valid
Hockey Simulator - Hockey Simulation - Hockey Manager